 Dungeon Crawl Stone Soup version 0.30-a0-696-g2367cd04db (webtiles) character file.

Game seed: 13374703995938773944

200 Absynth the Sneak (level 5, -3/38 HPs)
             Began as a Demonspawn Brigand on Jan 20, 2023.
             Slain by an ogre
             ... wielding a +0 giant club
              (31 damage)
             ... on level 5 of the Dungeon.
             The game lasted 00:08:58 (2820 turns).

Absynth the Sneak (Demonspawn Brigand)              Turns: 2820, Time: 00:08:59

Health: -3/38      AC:  5    Str: 11    XL:     5   Next: 48%
Magic:  5/5        EV: 12    Int: 12    God:
Gold:   284        SH:  0    Dex: 17    Spells: 4/4 levels left

rFire   . . .      SeeInvis .    a - +2 dagger
rCold   . . .      Faith    .    (no shield)
rNeg    . . .      Spirit   .    b - +0 robe
rPois   .          Reflect  .    (no helmet)
rElec   .          Harm     .    c - +0 cloak
rCorr   +          Rampage  .    x - +1 pair of gloves
Will    .....                    (no boots)
Stlth   +++                      (no amulet)
HPRegen 0.26/turn                w - ring of resist corrosion
MPRegen 0.18/turn                (no ring)

@: no status effects
A: spiny 2, magic regeneration
a: no special abilities


You were on level 5 of the Dungeon.
You visited 1 branch of the dungeon, and saw 5 of its levels.

You collected 284 gold pieces.

Inventory:

Hand Weapons
 a - a +2 dagger (weapon)
Missiles
 d - 8 poisoned darts (quivered)
 e - 3 curare-tipped darts
Armour
 b - a +0 robe (worn)
 c - a +0 cloak (worn)
 x - a +1 pair of gloves (worn)
Jewellery
 w - a ring of resist corrosion (left hand)
Wands
 v - a wand of mindburst (8)
 y - a wand of polymorph (10)
Scrolls
 f - 2 scrolls of poison {unknown}
 g - a scroll of amnesia {unknown}
 j - 2 scrolls of teleportation {unknown}
 l - a scroll of brand weapon {unknown}
 n - 3 scrolls of identify {unknown}
 p - a scroll of noise {unknown}
 q - a scroll of blinking {unknown}
 t - a scroll of fear {unknown}
 u - a scroll of magic mapping {unknown}
Potions
 h - a potion of invisibility {unknown}
 i - 4 potions of heal wounds {unknown}
 k - 2 potions of flight {unknown}
 m - a potion of mutation {unknown}
 o - 3 potions of cancellation {unknown}
 r - a potion of magic {unknown}
 s - a potion of lignification {unknown}
 z - 2 potions of might {unknown}
 A - a potion of brilliance {unknown}


   Skills:
 - Level 2.0 Fighting
 * Level 3.5 Short Blades
 - Level 1.7 Throwing
 + Level 2.3 Dodging
 * Level 5.0 Stealth


You had 4 spell levels left.
You didn't know any spells.
Your spell library contained the following spells:

 Spells                   Type           Power      Damage    Failure   Level
 Ensorcelled Hibernation  Hex/Ice        0%         N/A       45%         2
 Scorch                   Fire           0%         2d5       45%         2
 Spider Form              Tmut/Pois      0%         N/A       69%         3
 Anguish                  Hex/Necr       0%         N/A       97%         4
 Flame Wave               Conj/Fire      0%         2d4       97%         4
 Summon Cactus Giant      Summ           0%         N/A       100%        6
 Enfeeble                 Hex            0%         N/A       100%        7


Dungeon Overview and Level Annotations

Branches:
Dungeon (5/15)
 Temple: D:4-7

Altars:

Shops:
D:4 *


Innate Abilities, Weirdness & Mutations

You are mostly covered in sharp spines.
You regenerate magic rapidly.


Message History

There is a stone staircase leading down here.
You climb downwards.
Found a stone staircase leading up.
There is a stone staircase leading up here.
Throw: 13 darts (poison)
Press: ? - help, Q - select action, (/) - cycle Shift-Dir - straight line, f - ogre
Aim: an ogre, wielding a +0 giant club (asleep, 98% to hit)
You throw a poisoned dart. The poisoned dart hits the ogre.
The ogre is poisoned.
The ogre shouts!
Throw: 12 darts (poison)
Press: ? - help, Q - select action, (/) - cycle Shift-Dir - straight line, f/p - ogre
Aim: an ogre, wielding a +0 giant club (poisoned, 75% to hit)
You throw a poisoned dart.
The poisoned dart barely misses the ogre.
Throw: 11 darts (poison)
Press: ? - help, Q - select action, (/) - cycle Shift-Dir - straight line, f/p - ogre
Aim: an ogre, wielding a +0 giant club (lightly wounded, poisoned, 75% to hit)
You throw a poisoned dart. The poisoned dart hits the ogre.
The ogre looks even sicker.
The ogre is lightly wounded.
Throw: 10 darts (poison)
Press: ? - help, Q - select action, (/) - cycle Shift-Dir - straight line, f/p - ogre
Aim: an ogre, wielding a +0 giant club (lightly wounded, very poisoned, 75% to hit)
You throw a poisoned dart. The poisoned dart hits the ogre.
The ogre looks even sicker.
The ogre is lightly wounded.
You hit the ogre.
The ogre is moderately wounded.
The ogre is struck by your spines. The ogre hits you with a +0 giant club!
You hit the ogre but do no damage.
The ogre is moderately wounded.
Throw: 9 darts (poison)
Press: ? - help, Q - select action, (/) - cycle Shift-Dir - straight line, f/p - ogre
Aim: an ogre, wielding a +0 giant club (moderately wounded, very poisoned, 75% to hit)
You throw a poisoned dart.
The poisoned dart barely misses the ogre.
The ogre hits you with a +0 giant club!!
Ouch! That really hurt!
You die...

....... .#
....... .#
..<.... ..
....... .#
.......##.#
..........##
...........####
.......@.......
......O........
.....(..####...
....(..## .
...(... ..####.
# #. ##


You could see an ogre (very poisoned).

Vanquished Creatures
  An orc priest (D:4)
  Natasha (thrice) (D:4)
  An adder (D:2)
  2 worms
  2 dart slugs
  4 orcs
  6 ball pythons
  5 endoplasms
  3 giant cockroaches
  5 goblins
  6 hobgoblins
  11 jackals
  2 quokkas
  2 bats (D:1)
  2 frilled lizards (D:2)
  7 kobolds
  4 rats
66 creatures vanquished.

Notes
Turn   | Place    | Note
-------+----------+-------------------------------------------
     0 | D:1      | Absynth the Demonspawn Brigand began the quest for the Orb.
     0 | D:1      | Reached XP level 1. HP: 16/16 MP: 1/1
    12 | D:1      | Reached skill level 1 in Dodging
   157 | D:1      | Gained mutation: You are partially covered in sharp spines.
                  | [demonic ancestry]
   157 | D:1      | Reached XP level 2. HP: 22/22 MP: 2/2
   434 | D:1      | Reached skill level 4 in Stealth
   596 | D:1      | Gained mutation: You are mostly covered in sharp spines.
                  | [demonic ancestry]
   596 | D:1      | Reached XP level 3. HP: 27/27 MP: 3/3
  1585 | D:3      | Gained mutation: You regenerate magic rapidly. [demonic
                  | ancestry]
  1585 | D:3      | Reached XP level 4. HP: 33/33 MP: 4/4
  2127 | D:3      | Found a faded altar of an unknown god.
  2342 | D:4      | Found Juuplu Bank's Fire Supplies.
  2490 | D:4      | Noticed Natasha
  2509 | D:4      | Killed Natasha
  2510 | D:4      | Reached XP level 5. HP: 33/38 MP: 5/5
  2550 | D:4      | Noticed Natasha
  2558 | D:4      | Killed Natasha
  2671 | D:4      | Noticed Natasha
  2688 | D:4      | Killed Natasha
  2689 | D:4      | Reached skill level 5 in Stealth
  2813 | D:5      | Entered Level 5 of the Dungeon
  2813 | D:5      | Noticed an ogre
  2820 | D:5      | Slain by an ogre

Illustrated notes

Levels and vault maps discovered:
D:1:      spicycebolla_arrival_clurvy, layout_basic, minmay_misc_feat_x,
          feat_on_display
D:2:      layout_loops_cross
D:3:      layout_basic, shapermc_ecumenical_altar_petra
D:4:      layout_rooms, nicolae_shop_fire_sale [nicolae_sub_dead_trees],
          uniq_natasha
D:5:      layout_rooms, elyvilon_altar_4, overflow_temple_1_default,
          serial_shops, nicolae_shop_stone, kennysheep_dice, uniq_ijyb

Skill      XL: |  1  2  3  4  5 |
---------------+----------------+-----
Dodging        | 1 2 |  2.3
Short Blades   | 2 3 |  3.5
Stealth        | 4 5 |  5.0
Fighting       | |  2.0
Throwing       | |  1.7

Action                   |  1- 3 |  4- 6 || total
-------------------------+-------+-------++-------
Melee: Dagger            |    97 |    52 ||   149
       Punch             |     1 |     1 ||     2
       Unarmed           |       |     2 ||     2
Throw: Dart              |     9 |    10 ||    19
 Stab: Sleeping          |    14 |     1 ||    15
Armor: Robe              |    17 |    12 ||    29
Dodge: Dodged            |    31 |    20 ||    51

Table legend: (Time is in decaauts)
 A = Elapsed time spent in this place.
 B = Non-inter-level travel time spent in this place.
 C = Inter-level travel time spent in this place.
 D = Time resting spent in this place.
 E = Time spent auto-exploring this place.
 F = Levels seen in this place.
 G = Mean time per level.
                   A        B        C        D        E       F      G
               +--------+--------+--------+--------+--------+-----+--------+
         Total |   2797 |   2730 |     67 |    127 |   1964 |   5 |  559.4 |
       Dungeon |   2797 |   2730 |     67 |    127 |   1964 |   5 |  559.4 |
               +--------+--------+--------+--------+--------+-----+--------+

Top non-repeatable levels by time:
     D:2: 758 daAuts
     D:1: 752 daAuts
     D:3: 688 daAuts
     D:4: 592 daAuts
     D:5: 6 daAuts
